 Dungeon Crawl Stone Soup version 0.30-a0-1082-g70414cbcbb (webtiles) character file.

Game seed: 11192965011185744931

1314 olmar the Covered (level 8, -4/71 HPs)
             Began as an Armataur Fighter on Apr 16, 2023.
             Was a Follower of Trog.
             Shot with a bolt by an orc warrior (6 damage)
             ... on level 6 of the Dungeon.
             The game lasted 00:12:45 (5854 turns).

olmar the Covered (Armataur Fighter)                Turns: 5854, Time: 00:12:45

Health: -4/71      AC: 12    Str: 23    XL:     8   Next: 32%
Magic:  8/8        EV:  6    Int: 14    God:    Trog [*.....]
Gold:   235        SH:  5    Dex: 12    Spells: 7/7 levels left

rFire   . . .      SeeInvis .    F - +5 mace of Siul {heavy, rC+ Int+5 Stlth-}
rCold   + . .      Faith    .    c - +0 buckler
rNeg    . . .      Spirit   .    f - +0 chain mail
rPois   .          Reflect  .    g - +0 helmet
rElec   .          Roll     +    (no cloak)
rCorr   .                        u - +0 pair of gloves
Will    .....                    (no barding) Stlth
                                 (no amulet)
HPRegen 0.31/turn                h - ring of wizardry
MPRegen 0.11/turn                (no ring)

@: on berserk cooldown, slowed, very slow
A: large, rugged brown scales 3, deformed body, armoured tail, roll, long
tongue, awkward tongue, thin skeletal structure 1, mutation resistance 1
a: Renounce Religion, Berserk


You were on level 6 of the Dungeon.
You worshipped Trog.
Trog was aware of your devotion.
You visited 1 branch of the dungeon, and saw 6 of its levels.

You collected 235 gold pieces.

Inventory:

Hand Weapons
 a - a +0 flail
 d - a +1 halberd of flaming
 m - a +0 heavy spear
 F - the +5 mace of Siul (weapon) {heavy, rC+ Int+5 Stlth-}
   (You took it off an orc on level 6 of the Dungeon)

   Int:       It affects your intelligence (+5).
   rC:        It protects you from cold.
   Stlth:     It makes you less stealthy.
 H - a +0 morningstar
Armour
 b - a +0 scale mail
 c - a +0 buckler (worn)
 f - a +0 chain mail (worn)
 g - a +0 helmet (worn)
 u - a +0 pair of gloves (worn)
Jewellery
 h - a ring of wizardry (left hand)
Wands
 z - a wand of digging (6)
 A - a wand of quicksilver (5)
 G - a wand of charming (7)
Scrolls
 e - a scroll of torment
 i - 4 scrolls of teleportation
 l - a scroll of vulnerability {unknown}
 n - a scroll of immolation {unknown}
 p - a scroll of enchant weapon {unknown}
 v - a scroll of enchant armour {unknown}
 w - 4 scrolls of poison
 x - a scroll of noise {unknown}
 y - a scroll of amnesia {unknown}
 B - a scroll of fear {unknown}
 E - a scroll of butterflies
Potions
 j - a potion of resistance
 k - 2 potions of attraction
 o - a potion of degeneration {unknown}
 q - 2 potions of might
 C - a potion of brilliance


   Skills:
 + Level 4.7 Fighting
 + Level 6.4 Maces & Flails
 + Level 7.2 Armour
 + Level 5.0 Shields


You had 7 spell levels left.
You didn't know any spells.
Your spell library contained the following spells:

 Spells                   Type           Power      Damage    Failure   Level
 Lesser Beckoning         Tloc           0%         N/A       69%         2
 Gell's Gravitas          Tloc           0%         N/A       88%         3
 Teleport Other           Tloc           0%         N/A       88%         3


Dungeon Overview and Level Annotations

Branches:
Dungeon (6/15)             Temple (0/1) D:6

Altars:
Ashenzari
Elyvilon
Fedhas
Gozag
Trog
Yredelemnul

Shops:
D:4 [:


Innate Abilities, Weirdness & Mutations

You are completely covered in rugged brown scales. (AC +3, +7% HP)
Armour fits poorly on your strangely shaped body.
You have a long armoured tail.
You roll when moving toward enemies. (Rampage)
Your long tongue fully drains potion bottles. (2x potion effects)
Your tongue gives you trouble enunciating. (1.5x scroll delay)
You have a somewhat thin skeletal structure. (Dex +2, Stealth+)
You are somewhat resistant to further mutation.


Message History

You swap places.
You feel sick.
Items here: )) [ ††.
You swap places.
Your blood rage is quickly leaving you.
You see here a hound corpse.
You start resting.
You are no longer berserk.
You are exhausted.
You feel yourself slow down.
You feel sick.
Unknown command.
As you slowly read the scroll of teleportation, it crumbles to dust.
You feel strangely unstable.
You feel sick.
The orc warrior is no longer charmed.
The orc warrior hits you with a +0 dire flail!
* * * LOW HITPOINT WARNING * * *
You block the orc warrior's attack.
Unknown command.
You feel sick.
You are no longer poisoned.
The orc warrior closely misses you.
You hit the orc warrior.
The orc warrior is moderately wounded.
Your surroundings suddenly seem different.
Found a garnet ring, 7 gold pieces and 2 scrolls labelled VOROPYLAL.
Found a staircase to the Ecumenical Temple.
Unknown command.
The orc warrior shouts!
The orc warrior unwields a +0 dire flail.
The orc warrior wields a +0 arbalest.
The orc warrior shoots a bolt.
The bolt barely misses you.
Unknown command.
Found 6 stones.
The orc warrior shoots a bolt.
The bolt hits you but does no damage.
Okay, then.
As you slowly read the scroll of fog, it crumbles to dust.
The scroll dissolves into smoke.
The orc warrior shoots a bolt.
The bolt hits you!
* * * LOW HITPOINT WARNING * * *
The orc warrior shoots a bolt.
The bolt hits you.
You die...

#..........# #.##.##...
#..........# #.##......
#..........# #.##.>....
#..........# #.>.##....
##..........#####..#....
#........=....# ##......
#.(...§.§...#.. ###....
#...⌠§§§§...##.## ##...
#.....§@§.####..#####...
##⌠.>§§§§..#......o.....
#...§..§....o....†...##
#..⌠.............)...##
#......................
#....................#.
#....................#.
##..................$..
...$...............##


You could see an orc warrior.

Vanquished Creatures
  Sigmund (D:3)
  Menkaure (D:5)
  A water moccasin (D:6)
  An ogre (D:4)
  A kobold brigand (D:6)
  3 scorpions (D:5)
  An orc priest (D:5)
  A hound (D:6)
  A gnoll bouda (D:5)
  Terence (D:3)
  An iguana (D:5)
  3 orc wizards
  3 adders
  8 gnolls
  A white imp (D:6)
  2 ufetubi
  A worm (D:2)
  5 dart slugs
  17 orcs
  A bat (D:2)
  9 endoplasms
  3 giant cockroaches
  7 goblins
  7 hobgoblins
  12 kobolds
  6 quokkas
  6 ball pythons
  A frilled lizard (D:2)
  8 rats
113 creatures vanquished.

Vanquished Creatures (collateral kills)
  A water moccasin (D:6)
  A hound (D:6)
  An orc (D:6)
3 creatures vanquished.

Vanquished Creatures (others)
  A fungus (D:6)
1 creature vanquished.

Grand Total: 117 creatures vanquished

Notes
Turn   | Place    | Note
-------+----------+-------------------------------------------
     0 | D:1      | olmar the Armataur Fighter began the quest for the Orb.
     0 | D:1      | Reached XP level 1. HP: 19/19 MP: 1/1
   348 | D:1      | Reached XP level 2. HP: 26/26 MP: 2/2
   573 | D:1      | Reached skill level 4 in Armour
   892 | D:1      | Reached XP level 3. HP: 33/33 MP: 3/3
  1189 | D:2      | Reached XP level 4. HP: 20/40 MP: 4/4
  1745 | D:3      | Found a bloodstained altar of Trog.
  1770 | D:3      | Became a worshipper of Trog the Wrathful
  1894 | D:3      | Noticed Sigmund
  1902 | D:3      | Killed Sigmund
  1903 | D:3      | Reached skill level 5 in Armour
  1903 | D:3      | Reached XP level 5. HP: 46/48 MP: 5/5
  1915 | D:3      | Found a blossoming altar of Fedhas.
  1962 | D:3      | Found a faded altar of an unknown god.
  2487 | D:3      | Reached XP level 6. HP: 50/54 MP: 6/6
  2672 | D:3      | Noticed Terence
  2681 | D:3      | Killed Terence
  2877 | D:4      | Found a broken altar of Ashenzari.
  2952 | D:4      | Found an opulent altar of Gozag.
  3013 | D:4      | Found a white marble altar of Elyvilon.
  3024 | D:4      | Found Ruledog's Tiny Tomes.
  3053 | D:4      | Found Mepoog's Antique Armour Boutique.
  3714 | D:4      | Reached * piety under Trog
  3903 | D:5      | Entered Level 5 of the Dungeon
  4141 | D:5      | Reached XP level 7. HP: 52/62 MP: 7/7
  4388 | D:5      | Noticed Menkaure
  4402 | D:5      | Killed Menkaure
  4403 | D:5      | Reached skill level 5 in Maces & Flails
  4403 | D:5      | Reached skill level 6 in Armour
  5065 | D:6      | Reached XP level 8. HP: 71/71 MP: 8/8
  5087 | D:6      | Identified the +5 mace of Siul {heavy, rC+ Int+5 Stlth-}
  5212 | D:6      | Found a basalt altar of Yredelemnul.
  5290 | D:6      | Gained mutation: You are somewhat resistant to further
                  | mutation. [potion of mutation]
  5290 | D:6      | Gained mutation: You have a somewhat thin skeletal
                  | structure. (Dex +2, Stealth+) [potion of mutation]
  5298 | D:6      | HP: 5/106 [poisoned by a water moccasin]
  5839 | D:6      | Reached skill level 7 in Armour
  5839 | D:6      | Reached skill level 5 in Shields
  5848 | D:6      | Found a staircase to the Ecumenical Temple.
  5854 | D:6      | HP: 2/71 [orc warrior/bolt (11)]
  5854 | D:6      | Shot with a bolt by an orc warrior

Illustrated notes

Levels and vault maps discovered:
D:1:      minmay_arrival_nine_rooms, layout_loops_ring, amcnicky_mini_pool_small
D:2:      layout_basic, corexii_item_surrounded_by_moat, minmay_misc_feat_x
D:3:      layout_basic, old_standard_altar, mainiacjoe_overflow_brackets,
          basic_ecumenical_altar, roderic_roman_lattice, uniq_sigmund,
          uniq_terence
D:4:      layout_rooms, grunt_gozag_statues, mainiacjoe_overflow_big_doors,
          serial_glass, glass_columns_c, glass_columns_c, glass_columns_b,
          glass_columns_c, glass_columns_c, glass_columns_b, glass_columns_a,
          glass_columns_a, glass_columns_a, glass_columns_a, serial_shops,
          nicolae_shop_rolling_square, nicolae_shop_i_like_small_books_too
D:5:      layout_basic, uniq_menkaure
D:6:      layout_rooms, zin_purify, mainiacjoe_overflow_boulevard,
          temple_fountains, hangedman_decor_clover_reticule

Skill      XL: |  1  2  3  4  5  6  7  8 |
---------------+-------------------------+-----
Maces & Flails | 2 3 4 5 6 |  6.4
Armour         | 4 5 6 7 |  7.2
Fighting       | 3 4 |  4.7
Shields        | 4 5 |  5.0

Action                     |  1- 3 |  4- 6 |  7- 9 || total
---------------------------+-------+-------+-------++-------
  Melee: Flail             |    79 |   140 |   120 ||   339
         Tailslap          |     3 |    17 |    14 ||    34
         Mace              |       |       |    23 ||    23
  Throw: Throwing net      |       |     1 |       ||     1
 Invoke: Berserk           |       |       |     5 ||     5
  Evoke: Wand              |       |       |     3 ||     3
    Use: Potion            |       |     2 |     6 ||     8
         Scroll            |       |     4 |     5 ||     9
 Armour: Scale mail        |     3 |       |       ||     3
         Chain mail        |    33 |    83 |   116 ||   232
  Dodge: Dodged            |    29 |    43 |    41 ||   113
  Block: Buckler           |    18 |    31 |    36 ||    85

Table legend: (Time is in decaauts)
 A = Elapsed time spent in this place.
 B = Non-inter-level travel time spent in this place.
 C = Inter-level travel time spent in this place.
 D = Time resting spent in this place.
 E = Time spent auto-exploring this place.
 F = Levels seen in this place.
 G = Mean time per level.
                   A        B        C        D        E       F      G
               +--------+--------+--------+--------+--------+-----+--------+
         Total |   5989 |   5651 |    338 |   1050 |   3666 |   6 |  998.2 |
       Dungeon |   5989 |   5651 |    338 |   1050 |   3666 |   6 |  998.2 |
               +--------+--------+--------+--------+--------+-----+--------+

Top non-repeatable levels by time:
     D:3: 1352 daAuts
     D:5: 1161 daAuts
     D:1: 872 daAuts
     D:4: 869 daAuts
     D:2: 867 daAuts
     D:6: 866 daAuts
